 Dungeon Crawl Stone Soup version 0.29.0-4-gdea44cf6ec (webtiles) character file.

Game seed: 8709260729940386585

166 qw the Chopper (level 5, 0/30 HPs)
             Began as a Tengu Warper on Aug 28, 2022.
             Was an Initiate of Okawaru.
             Slain by an orc
             ... wielding a +0 flail
              (5 damage)
             ... on level 4 of the Dungeon.
             The game lasted 00:00:21 (4301 turns).

qw the Chopper (Tengu Warper)                       Turns: 4301, Time: 00:00:22

Health: 0/30       AC:  9    Str: 13    XL:     5   Next: 47%
Magic:  9/9        EV:  6    Int: 14    God:    Okawaru [......]
Gold:   115        SH:  4    Dex: 13    Spells: 8/8 levels left

rFire   . . .      SeeInvis .   Y - +0 hand axe
rCold   . . .      Faith    .   j - +0 buckler
rNeg    . . .      Spirit   .   a - +0 chain mail
rPois   .          Reflect  .   (helmet restricted)
rElec   .          Harm     .   (no cloak)
rCorr   .          Rampage  .   c - +0 pair of gloves
Will    .....                   (boots unavailable)
Stlth   ..........              (no amulet)
HPRegen 0.10/turn               (no ring)
MPRegen 0.11/turn               (no ring)

@: about to teleport, flying quickly and evasively, quick
A: beak, talons 3, nimble flight
a: Renounce Religion


You were on level 4 of the Dungeon.
You worshipped Okawaru.
Okawaru was noncommittal.
You visited 1 branch of the dungeon, and saw 4 of its levels.

You collected 250 gold pieces.
You spent 135 gold pieces at shops.


Innate Abilities, Weirdness & Mutations

You have a beak for a mouth.
You have claws for feet.
Your magical nature lets you fly swiftly and evasively.


   Skills:
 - Level 2.0 Fighting
 - Level 5.8 Axes
 - Level 1.0 Throwing
 + Level 1.1 Armour
 - Level 2.1 Dodging
 - Level 1.2 Shields
 - Level 2.0 Spellcasting
 - Level 2.4 Translocations


You had 8 spell levels left.
You didn't know any spells.
Your spell library contained the following spells:

 Spells                   Type           Power      Damage    Failure   Level
 Blink                    Tloc           16%        N/A       100%        2
 Gell's Gravitas          Tloc           8%         N/A       100%        3
 Lesser Beckoning         Tloc           8%         N/A       100%        3
 Teleport Other           Tloc           8%         N/A       100%        3
 Manifold Assault         Tloc           8%         N/A       100%        5

Inventory:

Hand Weapons
 d - a +2 mace of holy wrath
 Y - a +0 hand axe (weapon)
Missiles
 f - a boomerang (quivered)
Armour
 a - a +0 chain mail (worn)
 c - a +0 pair of gloves (worn)
 j - a +0 buckler (worn)
Scrolls
 g - 6 scrolls of identify
Potions
 e - a potion of resistance {unknown}
 h - a potion of magic {unknown}
 i - a potion of curing
 k - a potion of attraction {unknown}
 l - a potion of lignification {unknown}
 m - a potion of heal wounds {unknown}

Dungeon Overview and Level Annotations

Branches:
Dungeon (4/15)
 Temple: D:4-7

Altars:
Okawaru
Qazlal
Trog
Vehumet
Wu Jian
Yredelemnul

Shops:
D:4 [


Message History

You block the adder's attack.
You barely miss the adder. You peck the adder, but do no damage.
You block the adder's attack. You block the orc's attack.
You hit the adder.
The adder is moderately wounded.
You hit the orc but do no damage. The adder barely misses you.
The orc hits you with a +0 flail!
You hit the adder. Your kick misses the adder. Your peck misses the adder.
The adder is heavily wounded.
You hit the orc but do no damage. The adder barely misses you.
The adder bites you but does no damage. The orc hits you with a +0 flail!
You closely miss the adder. You claw the adder.
The adder is heavily wounded.
You hit the orc but do no damage. You block the adder's attack.
The orc hits you with a +0 flail.
You barely miss the adder. Your kick misses the adder.
Your peck misses the adder.
The adder is heavily wounded.
You barely miss the orc. The adder bites you but does no damage.
The orc hits you with a +0 flail. The adder barely misses you.
You closely miss the adder.
The adder is heavily wounded.
You hit the orc. The adder barely misses you.
The orc hits you but does no damage.
You barely miss the adder. Your kick misses the adder.
The adder is heavily wounded.
You hit the orc. The adder bites you but does no damage.
The orc barely misses you.
You closely miss the adder.
The adder is heavily wounded.
You hit the orc but do no damage. The adder barely misses you.
The orc hits you with a +0 flail. The adder barely misses you.
4301 ||| READING scroll of teleportation.
As you read the scroll of teleportation, it crumbles to dust.
You feel strangely unstable. The adder bites you.
The orc hits you with a +0 flail.
You die...

........<.......[#######
.........#.##.##)# #
.........#.##.##.#######
.........#..............
~........#.#.#.#.##.####
~................##.#
~........#.##.._.##.#
......o..####....##.#
..#####@## ##.#.#..####
#S# #.......... ..#
########### ..## ...
.... ..... ......


You could see an adder and an orc.

Vanquished Creatures
  An iguana (D:3)
  Robin (D:4)
  4 adders
  A shadow imp (D:3)
  2 worms (D:2)
  2 dart slugs (D:2)
  An orc (D:3)
  3 bats
  5 endoplasms
  2 giant cockroaches (D:2)
  19 goblins
  7 hobgoblins
  3 quokkas
  6 ball pythons
  3 frilled lizards
  6 kobolds
  5 rats
  A spectral orc (D:4)
72 creatures vanquished.

Vanquished Creatures (others)
  A plant (D:4)
1 creature vanquished.

Grand Total: 73 creatures vanquished

Notes
Turn   | Place    | Note
-------+----------+-------------------------------------------
     0 | D:1      | qw the Tengu Warper began the quest for the Orb.
     0 | D:1      | Reached XP level 1. HP: 12/12 MP: 4/4
     0 | D:1      | 0 ||| qw: Version: 0.1-a-89-g26bdef1
     0 | D:1      | 0 ||| qw: Game counter: 3230
     0 | D:1      | 0 ||| qw: Always use a shield: true
     0 | D:1      | 0 ||| qw: God list: Okawaru
     0 | D:1      | 0 ||| qw: Allow faded altars: false
     0 | D:1      | 0 ||| qw: Do Orc after D:15 true
     0 | D:1      | 0 ||| qw: Do second Lair branch before Depths: true
     0 | D:1      | 0 ||| qw: Lair rune preference: random
     0 | D:1      | 0 ||| qw: Plans: Normal
     0 | D:1      | 0 ||| PLANNING D:1-11
   359 | D:1      | 359 ||| Stepping ~*~*~tactically~*~*~ (stealth).
   419 | D:1      | Reached skill level 3 in Axes
   419 | D:1      | Reached XP level 2. HP: 17/17 MP: 6/6
   450 | D:1      | 450 ||| Stepping ~*~*~tactically~*~*~ (stealth).
   456 | D:1      | 456 ||| DROPPING +0 club.
   610 | D:1      | Found a faded altar of an unknown god.
  1058 | D:1      | 1058 ||| UPGRADING to +0 buckler.
  1063 | D:1      | 1063 ||| READING scroll labelled SULEXUOG XANE.
  1064 | D:1      | 1064 ||| READING scroll labelled SIEGIU ATASCHEG.
  1065 | D:1      | 1065 ||| READING 2 scrolls labelled KIC SOIMEMYZ.
  1066 | D:1      | 1066 ||| READING scroll labelled JURRYCVUONK.
  1067 | D:1      | 1067 ||| DROPPING scroll of blinking.
  1068 | D:1      | 1068 ||| Stepping randomly (stuck).
  1069 | D:1      | 1069 ||| Stepping ~*~*~tactically~*~*~ (cloud).
  1075 | D:1      | HP: 4/17 [poisoned by you (poison gas)]
  1375 | D:2      | 1375 ||| STAIRDANCE
  1526 | D:2      | 1526 ||| Stepping ~*~*~tactically~*~*~ (hiding).
  1584 | D:2      | 1584 ||| Stepping ~*~*~tactically~*~*~ (stealth).
  1587 | D:2      | 1587 ||| Stepping ~*~*~tactically~*~*~ (stealth).
  1602 | D:2      | Reached skill level 1 in Shields
  1602 | D:2      | Reached XP level 3. HP: 15/21 MP: 7/7
  1698 | D:2      | 1698 ||| FLEEEEING.
  1699 | D:2      | 1699 ||| FLEEEEING.
  1700 | D:2      | 1700 ||| FLEEEEING.
  1701 | D:2      | 1701 ||| FLEEEEING.
  1702 | D:2      | 1702 ||| FLEEEEING.
  1707 | D:2      | 1707 ||| FLEEEEING.
  1708 | D:2      | 1708 ||| FLEEEEING.
  1709 | D:2      | 1709 ||| FLEEEEING.
  1710 | D:2      | 1710 ||| FLEEEEING.
  1711 | D:2      | 1711 ||| FLEEEEING.
  1712 | D:2      | 1712 ||| FLEEEEING.
  1717 | D:2      | 1717 ||| FLEEEEING.
  1718 | D:2      | 1718 ||| FLEEEEING.
  1719 | D:2      | 1719 ||| FLEEEEING.
  1720 | D:2      | 1720 ||| FLEEEEING.
  1721 | D:2      | 1721 ||| FLEEEEING.
  1722 | D:2      | 1722 ||| FLEEEEING.
  1723 | D:2      | 1723 ||| FLEEEEING.
  1724 | D:2      | 1724 ||| STAIRDANCE
  1763 | D:1      | 1763 ||| READING scroll labelled DEURRI KOFE.
  1879 | D:2      | 1879 ||| Stepping ~*~*~tactically~*~*~ (hiding).
  1880 | D:2      | 1880 ||| Stepping ~*~*~tactically~*~*~ (hiding).
  2383 | D:2      | Reached skill level 4 in Axes
  2418 | D:2      | 2418 ||| DROPPING ring of magical power.
  2419 | D:2      | 2419 ||| READING scroll labelled WOJECO UCUANK.
  2423 | D:2      | 2423 ||| DRINKING 2 fuming cyan potions.
  2424 | D:2      | 2424 ||| DRINKING 2 white potions.
  2425 | D:2      | 2425 ||| READING 2 scrolls of identify.
  2425 | D:2      | 2425 ||| IDENTIFYING green potion
  2426 | D:2      | 2426 ||| DROPPING potion of degeneration.
  2427 | D:2      | 2427 ||| DROPPING potion of flight.
  2522 | D:3      | 2522 ||| FLEEEEING.
  2524 | D:3      | 2524 ||| FLEEEEING.
  2525 | D:3      | 2525 ||| FLEEEEING.
  2526 | D:3      | 2526 ||| FLEEEEING.
  2527 | D:3      | 2527 ||| STAIRDANCE
  2686 | D:3      | 2686 ||| Stepping ~*~*~tactically~*~*~ (stealth).
  2693 | D:3      | Reached XP level 4. HP: 23/26 MP: 8/8
  2759 | D:3      | 2759 ||| Stepping ~*~*~tactically~*~*~ (hiding).
  2898 | D:3      | Found a stormy altar of Qazlal.
  3006 | D:3      | Found an iron altar of Okawaru.
  3021 | D:3      | Became a worshipper of Warmaster Okawaru
  3071 | D:3      | Found an ornate altar of the Wu Jian Council.
  3538 | D:3      | 3538 ||| UPGRADING to +0 pair of gloves.
  3543 | D:3      | 3543 ||| READING scroll labelled JIYSEKL ZAISUI.
  3544 | D:3      | 3544 ||| READING 2 scrolls of identify.
  3544 | D:3      | 3544 ||| IDENTIFYING cyan potion
  3545 | D:3      | 3545 ||| DROPPING potion of brilliance.
  3580 | D:4      | Noticed Robin
  3580 | D:4      | Found Emistras's Antique Armour Shop.
  3581 | D:4      | 3581 ||| STAIRDANCE
  3588 | D:3      | Reached skill level 5 in Axes
  3588 | D:3      | Gained mutation: Your magical nature lets you fly swiftly
                  | and evasively. [Tengu growth]
  3588 | D:3      | Reached XP level 5. HP: 18/30 MP: 9/9
  3704 | D:4      | 3704 ||| STAIRDANCE
  3743 | D:4      | 3743 ||| STAIRDANCE
  3913 | D:4      | 3913 ||| STAIRDANCE
  3978 | D:4      | Killed Robin
  3997 | D:4      | 3997 ||| FLEEEEING.
  3998 | D:4      | 3998 ||| STAIRDANCE
  4078 | D:4      | 4078 ||| BUYING chain mail (135 gold).
  4078 | D:4      | Bought a chain mail for 135 gold pieces
  4078 | D:4      | 4078 ||| SHOPLISTING embroidered scarf (240 gold, have 84).
  4092 | D:4      | 4092 ||| Stepping ~*~*~tactically~*~*~ (hiding).
  4094 | D:4      | 4094 ||| Stepping ~*~*~tactically~*~*~ (hiding).
  4096 | D:4      | 4096 ||| Stepping ~*~*~tactically~*~*~ (hiding).
  4097 | D:4      | 4097 ||| Stepping ~*~*~tactically~*~*~ (hiding).
  4140 | D:4      | Found a radiant altar of Vehumet.
  4190 | D:4      | Found a basalt altar of Yredelemnul.
  4236 | D:4      | Found a bloodstained altar of Trog.
  4237 | D:4      | 4237 ||| UPGRADING to +0 chain mail.
  4245 | D:4      | 4245 ||| UPGRADING to +0 chain mail.
  4255 | D:4      | 4255 ||| DROPPING +0 leather armour.
  4300 | D:4      | HP: 6/30 [orc/+0 flail (4)]
  4301 | D:4      | 4301 ||| READING scroll of teleportation.
  4301 | D:4      | Slain by an orc

Levels and vault maps discovered:
D:1:      dpeg_chamrin_arrival_tetris, layout_basic,
          ebering_ecumenical_altar_box
D:2:      layout_basic
D:3:      layout_rooms, amcnicky_altar_gilded, okawaru_metal_pillars_1_2,
          mainiacjoe_overflow_small_starburst, nrook_campfire,
          kennysheep_small_spiral, minivault_19
D:4:      minmay_diamond_boxcup, layout_basic,
          yredelemnul_forgotten_temple_becter, mainiacjoe_overflow_tiny_flanked,
          nicolae_overflow_hidden_temple, kennysheep_slug_shrine, temple_green,
          serial_shops, nicolae_shop_overgrown_old_shop,
          nicolae_figureground_sparkle, uniq_robin

Skill      XL: |  1  2  3  4 |
---------------+-------------+-----
Axes           | 3 4 5 |  5.8
Shields        | 1 |  1.2
Fighting       | |  2.0
Throwing       | |  1.0
Armour         | |  1.1
Dodging        | |  2.1
Spellcasting   | |  2.0
Translocations | |  2.4

Action                   |  1- 3 |  4- 6 || total
-------------------------+-------+-------++-------
Melee: Hand axe          |    84 |    71 ||   155
       Kick              |    23 |    19 ||    42
       Peck              |     9 |    10 ||    19
Throw: Boomerang         |     7 |    11 ||    18
  Use: Scroll            |     7 |     3 ||    10
       Potion            |     2 |       ||     2
Armor: Leather armour    |    17 |    18 ||    35
       Chain mail        |       |     4 ||     4
Dodge: Dodged            |    35 |    46 ||    81
Block: Buckler           |     8 |    18 ||    26

Table legend:
 A = Non-vault XP
 B = Vault XP
 C = Vault XP percentage of total XP
 D = Non-vault monster count
 E = Vault monster count
 F = Vault count percentage of total count
                 A         B        C        D         E       F
            +---------+---------+-------+---------+---------+-------
      Total |     202 |      36 |  15.1 |      60 |      12 |  16.7
            +---------+---------+-------+---------+---------+-------
        D:1 |      23 |       0 |   0.0 |      13 |       0 |   0.0
        D:2 |      48 |       0 |   0.0 |      23 |       0 |   0.0
        D:3 |     108 |      20 |  15.6 |      18 |      10 |  35.7
        D:4 |      23 |      16 |  41.0 |       6 |       2 |  25.0
            +---------+---------+-------+---------+---------+-------
